 Dungeon Sprint DCSS version 0.23-a0-171-g5ae17c6 (webtiles) character file.

140 Fang the Skirmisher (level 5, -11/57 HPs)
             Began as a Gargoyle Berserker on Sept 13, 2018.
             Was a Priest of Trog.
             Killed from afar by a deep elf mage (27 damage)
             ... with a shard of ice
             ... in the Dungeon (Sprint V: "Ziggurat Sprint").
             The game lasted 00:01:13 (197 turns).

Fang the Skirmisher (Gargoyle Berserker)             Turns: 197, Time: 00:01:14

Health: -11/57     AC: 21    Str: 38    XL:     5   Next: 23%
Magic:  5/5        EV: 10    Int:  8    God:    Trog [***...]
Gold:   0          SH:  0    Dex:  9    Spells: 4/4 levels left

rFire    . . .     SeeInvis .   k - +5 executioner's axe
rCold    . . .     Gourm    .   (shield currently unavailable)
rNeg     + . .     Faith    .   j - +5 shadow dragon scales
rPois    ∞         Spirit   .   (no helmet)
rElec    +         Reflect  .   (no cloak)
rCorr    .         Harm     .   (no gloves)
MR       .....     NoTele   +   (no boots)
Stlth    ..........             (no amulet)
HPRegen  0.19/turn              D - +6 ring of strength
MPRegen  0.09/turn              E - +6 ring of strength

@: berserking (expiring), studying Stealth, very quick
A: negative energy resistance 1, electricity resistance, unbreathing,
petrification resistance, rot immunity, AC +4
a: Berserk, Trog's Hand, Renounce Religion


You were in the Dungeon.
You worshipped Trog.
Trog was most pleased with you.
You were not hungry.

You visited 1 branch

Inventory:

Hand Weapons
 k - a +5 executioner's axe (weapon)
Armour
 j - +5 shadow dragon scales (worn)
Jewellery
 D - a +6 ring of strength (left hand)
 E - a +6 ring of strength (right hand)
Wands
 w - a wand of disintegration (7)
 x - a wand of iceblast (7)
 y - a wand of acid (7)
Scrolls
 i - 4 scrolls of blinking
 l - 7 scrolls of fog
 m - a scroll of holy word
 n - 5 scrolls of identify
 o - 5 scrolls of remove curse
 p - 2 scrolls of fear
Potions
 d - 10 potions of curing
 e - 10 potions of heal wounds
 f - 6 potions of haste
 g - 7 potions of magic
 h - 3 potions of berserk rage
 q - 2 potions of brilliance
 r - 2 potions of invisibility
 s - 4 potions of resistance
 t - a potion of experience
 u - 5 potions of agility
 v - 5 potions of might
Books
 b - a manual of Stealth
Miscellaneous
 a - a lamp of fire
 A - a box of beasts
Comestibles
 c - 7 rations
 z - 3 chunks of flesh


   Skills:
 + Level 7.0 Fighting
 + Level 6.8 Axes
 + Level 4.5 Armour
 + Level 2.7 Dodging


You had 4 spell levels left.
You didn't know any spells.
Your spell library was empty.

Dungeon Overview and Level Annotations

Branches:
Dungeon (1/1)

Altars:
Ashenzari
Cheibriados
Dithmenos
Elyvilon
Fedhas
Gozag
Hepliaklqana
Kikubaaqudgha
Makhleb
Nemelex Xobeh
Okawaru
Qazlal
Ru
Sif Muna
Trog
Uskayaw
Vehumet
Wu Jian
Xom
Yredelemnul
Zin
The Shining One
Beogh
Jiyva
Lugonu

Annotations:
D 1 transporter


Innate Abilities, Weirdness & Mutations

You are resistant to torment.
Your stone body is resilient. (AC +4)
You are immune to poison.
You resist negative energy. (rN+)
You are resistant to electric shocks. (rElec)
You can survive without breathing.
You are immune to petrification.
You are immune to rotting.


Message History

Unknown command.
You are too injured to fight recklessly!
Unknown command.
You are too injured to fight recklessly!
Unknown command.
You miss the long sword of protection.
The long sword of protection is lightly damaged.
The deep elf mage gestures at you while chanting.
The shard of ice hits you!
The long sword of protection hits you but does no damage.
The deep elf archer shoots an arrow.
The arrow hits you!
The deep elf archer points at you and mumbles some strange words.
You struggle to resist.
You slice the long sword of protection!!
The long sword of protection is almost destroyed.
The long sword of protection hits you.
* * * LOW HITPOINT WARNING * * *
The deep elf mage gestures at you while chanting.
The shard of ice hits you!
You die...

▓..©..▓..©..▓▓▓▓▓▓▓
▓▓▓▓▓▓▓▓▓▓▓▓▓▓
▓..8©8...▓
▓e."|?.e.▓
▓...)....▓
▓........▓
.....e..▓
▓.▓.(§.▓.▓
▓...@....▓
▓▓▓▓▓▓▓▓▓▓


You could see 2 deep elf archers, a deep elf mage and a long sword of
protection.

Vanquished Creatures
  A naga (D)
  An adder (D)
  2 river rats (D)
  A bat zombie (D)
  2 jackals (D)
  A ball python (D)
  A quokka skeleton (D)
9 creatures vanquished.

Vanquished Creatures (others)
  A spatial maelstrom (D)
1 creature vanquished.

Grand Total: 10 creatures vanquished

Notes
Turn   | Place    | Note
-------+----------+-------------------------------------------
     0 | D        | Found the +6 Majin-Bo {vamp, Archmagi MP+6 Int+6}
     0 | D        | Found the +7 great mace "Firestarter" {inner flame, rF++}
     0 | D        | Fang the Gargoyle Berserker began the quest for the Orb.
     0 | D        | Reached XP level 1. HP: 14/14 MP: 1/1
     2 | D        | Banished a spatial maelstrom
     7 | D        | Found a blossoming altar of Fedhas.
     8 | D        | Found a viscous altar of Jiyva.
     8 | D        | Found a hazy altar of Hepliaklqana.
     8 | D        | Found a transporter.
     8 | D        | Found an opulent altar of Gozag.
     8 | D        | Found an ancient bone altar of Kikubaaqudgha.
     8 | D        | Found a corrupted altar of Lugonu.
    23 | D        | Found a burning altar of Makhleb.
    24 | D        | Found a sacrificial altar of Ru.
    24 | D        | Found a stormy altar of Qazlal.
    24 | D        | Found a deep blue altar of Sif Muna.
    24 | D        | Found an iron altar of Okawaru.
    24 | D        | Found a bloodstained altar of Trog.
    24 | D        | Found a sparkling altar of Nemelex Xobeh.
    72 | D        | Entered arena 2.
    72 | D        | Found a transporter.
   128 | D        | Entered arena 3.
   128 | D        | Noticed a naga
   128 | D        | Found a transporter.
   132 | D        | Reached ** piety under Trog
   132 | D        | Killed a naga
   132 | D        | Reached skill level 6 in Fighting
   132 | D        | Reached XP level 2. HP: 23/23 MP: 2/2
   132 | D        | Reached XP level 3. HP: 28/28 MP: 3/3
   132 | D        | Reached XP level 4. HP: 32/32 MP: 4/4
   135 | D        | Reached XP level 5. HP: 37/37 MP: 5/5
   175 | D        | Entered arena 4.
   175 | D        | Found a transporter.
   179 | D        | Reached *** piety under Trog
   179 | D        | Reached skill level 7 in Fighting
   189 | D        | Entered arena 5.
   189 | D        | Noticed a deep elf mage
   189 | D        | Noticed a deep elf archer
   189 | D        | Noticed a deep elf archer
   189 | D        | Noticed a long sword of protection
   189 | D        | Found a transporter.
   197 | D        | Killed from afar by a deep elf mage

Vault maps used:
D:        sprint_v

Skill      XL: |  1  2  3  4  5 |
---------------+----------------+-----
Axes           | 6 |  6.8
Fighting       | 6 7 |  7.0
Armour         | 4 |  4.5
Dodging        | 2 |  2.7

Action                   |  1- 3 |  4- 6 || total
-------------------------+-------+-------++-------
Melee: Executioner's axe |     7 |    14 ||    21
Invok: Berserk           |     2 |     1 ||     3
Armor: Shadow dragon sca |     9 |    13 ||    22
Dodge: Dodged            |     1 |     6 ||     7

Table legend:
 A = Non-vault XP
 B = Vault XP
 C = Vault XP percentage of total XP
 D = Non-vault monster count
 E = Vault monster count
 F = Vault count percentage of total count
                 A         B        C        D         E       F
            +---------+---------+-------+---------+---------+-------
      Total |       0 |     201 | 100.0 |       0 |       9 | 100.0
            +---------+---------+-------+---------+---------+-------
          D |       0 |     201 | 100.0 |       0 |       9 | 100.0
            +---------+---------+-------+---------+---------+-------
